 Dungeon Crawl Stone Soup version 0.30-a0-760-g5a9884bb7c (webtiles) character file.

Game seed: 1530862335888434378

406 kae the Digger (level 6, -1/32 HPs)
             Began as a Gargoyle Earth Elementalist on Feb 10, 2023.
             Slain by an adder (2 damage)
             ... in a sewer.
             The game lasted 00:03:02 (3275 turns).

kae the Digger (Gargoyle Earth Elementalist)        Turns: 3275, Time: 00:03:03

Health: -1/32      AC:  9    Str: 11    XL:     6   Next: 87%
Magic:  1/10       EV:  8    Int: 18    God:
Gold:   56         SH:  0    Dex: 10    Spells: 5/11 levels left

rFire   . . .      SeeInvis .    f - +2 dagger (protect)
rCold   . . .      Faith    .    (no shield)
rNeg    + . .      Spirit   .    a - +0 robe
rPois   ∞          Reflect  .    g - +2 helmet
rElec   +          Harm     .    (no cloak)
rCorr   .          Rampage  .    (no gloves)
Will    .....                    (no boots)
Stlth   ++                       (no amulet)
HPRegen 0.25/turn                (no ring)
MPRegen 0.12/turn                (no ring)

@: constricted
A: sickness immunity, AC +4, negative energy resistance 1, electricity
resistance, torment resistance 1, petrification resistance, low MP 1, MP-powered
wands
a: no special abilities


You were in a sewer.
You visited 1 branch of the dungeon, and saw 4 of its levels.
You also visited: Sewer.

You collected 56 gold pieces.


Innate Abilities, Weirdness & Mutations

You are immune to sickness and miasma.
Your stone body is resilient. (AC +4)
You are immune to poison.
You resist negative energy. (rN+)
You are resistant to electric shocks. (rElec)
You are resistant to unholy torment.
You are immune to petrification.
Your magical capacity is low. (-10% MP)
You expend magic power (3 MP) to strengthen your wands.


   Skills:
 - Level 1.5 Dodging
 - Level 2.1 Stealth
 + Level 3.4 Spellcasting
 * Level 4.0 Conjurations
 - Level 0.7 Transmutations
 * Level 6.6 Earth Magic


You had 5 spell levels left.
You knew the following spells:

 Your Spells              Type           Power      Damage    Failure   Level
a - Sandblast             Erth           54%        2d13      1%          1
b - Stone Arrow           Conj/Erth      44%        3d9       5%          3
c - Passwall              Tmut/Erth      13%        N/A       5%          2

Your spell library contained the following spells:

 Spells                   Type           Power      Damage    Failure   Level
 Summon Small Mammal      Summ           12%        N/A       16%         1
 Petrify                  Tmut/Erth      16%        N/A       34%         4
 Call Canine Familiar     Summ           3%         N/A       43%         3
 Summon Guardian Golem    Hex/Summ       3%         N/A       43%         3

Inventory:

Hand Weapons
 f - a +2 dagger of protection (weapon)
   (You found it on level 1 of the Dungeon)
Missiles
 e - 48 stones
 h - 19 poisoned darts
Armour
 a - a +0 robe (worn)
 g - a +2 helmet (worn)
   (You found it on level 1 of the Dungeon)
Magical Staves
 p - a staff of cold {!a}
   (You found it on level 3 of the Dungeon)
Jewellery
 S - a +6 ring of strength
   (You found it on level 3 of the Dungeon)
Scrolls
 c - 2 scrolls of noise {!r}
 i - 3 scrolls of teleportation {unknown}
 k - a scroll of amnesia {unknown}
 l - a scroll of butterflies {unknown}
 m - 2 scrolls of immolation {!r!r}
 n - 2 scrolls of enchant weapon {unknown}
 o - a scroll of fog {unknown}
 r - 2 scrolls of identify {@r1}
 s - a scroll of acquirement {unknown}
 u - a scroll of silence {unknown}
 v - a scroll of vulnerability {unknown}
Potions
 b - a potion of magic
 d - a potion of flight {unknown}
 j - a potion of berserk rage {unknown}
 q - a potion of cancellation {unknown}
 t - a potion of might

Dungeon Overview and Level Annotations

Branches:
Dungeon (4/15) Zot: 21208   Sewer (1/1) Zot: 5413
 Temple: D:4-7

Altars:
Gozag
Qazlal
Yredelemnul

##~~.~###..#
##.~~.
#≈≈~~≈~#####
#≈≈≈~≈
#≈≈≈~≈≈#
#≈≈~~~
#≈≈≈~~≈#
#~~†~≈
#≈~~~~≈#
#~≈~≈≈
#≈~~≈≈≈#
#~~†~≈
#~#~≈≈≈#
#≈.††.
#≈~≈~≈≈#
#≈.[[.
#~@S≈≈≈#
#≈~...
#S†J≈≈≈#
#≈≈≈~~
#≈~#~≈≈#
#≈≈~~~
#≈≈~~≈≈#
#≈~~~~
#≈~~~≈≈#
#~≈~~≈
#≈†≈~≈≈#
#≈~≈~≈
#~≈≈~~≈#
#~~≈≈≈
#≈~~≈≈≈#
#~~~≈~
##~.~..#
##....


You could see an adder, an endoplasm and a ball python.


Message History

Confirm with . or Enter, or press ? or * to list all spells.
Aiming: Sandblast (safe; 1% risk of failure)
Press: ? - help, Shift-Dir - straight line, f - frilled lizard
Aim: a frilled lizard (72% to hit)
The blast of sand hits the frilled lizard!
You kill the frilled lizard!
The adder hisses angrily.
You hear an angry hiss.
An adder comes into view.
A ball python comes into view.
The bullfrog hits you. 😮 HP[-4] MP[-1]
You take 4 damage, and now have 23/32 hp.
You lost 1 mp, and now have 5/11 mp.
Casting: Sandblast (safe; 1% risk of failure)
Confirm with . or Enter, or press ? or * to list all spells.
Aiming: Sandblast (safe; 1% risk of failure)
Press: ? - help, Shift-Dir - straight line, f - bullfrog
Aim: a bullfrog (79% to hit)
The blast of sand misses the bullfrog.
The bullfrog closely misses you. The bullfrog hits you.
The adder misses you. 😮 HP[-3] MP[-1]
You take 3 damage, and now have 20/32 hp.
You lost 1 mp, and now have 4/11 mp.
Casting: Sandblast (safe; 1% risk of failure)
Confirm with . or Enter, or press ? or * to list all spells.
Aiming: Sandblast (safe; 1% risk of failure)
Press: ? - help, Shift-Dir - straight line, f/p - bullfrog
Aim: a bullfrog (79% to hit)
The blast of sand hits the bullfrog.
The bullfrog closely misses you. The adder barely misses you.
The adder bites you but does no damage. The bullfrog hits you.
The bullfrog hits you but does no damage.
The adder closely misses you. x2 😮 HP[-1] MP[-1]
You take 1 damage, and now have 19/32 hp.
You lost 1 mp, and now have 3/11 mp.
Casting: Sandblast (safe; 1% risk of failure)
Confirm with . or Enter, or press ? or * to list all spells.
Aiming: Sandblast (safe; 1% risk of failure)
Press: ? - help, Shift-Dir - straight line, f/p - bullfrog
Aim: a bullfrog (moderately wounded, 79% to hit)
The blast of sand hits the bullfrog!!
You kill the bullfrog!
The ball python bites you but does no damage.
The ball python barely misses you. The adder bites you but does no damage.
The adder bites you.
The ball python bites you but does no damage.
The ball python barely misses you. The endoplasm freezes you.
You are frozen.
* * * LOW HITPOINT WARNING * * *
The adder bites you but does no damage.
Your Conjurations skill increases to level 4! 😨 HP[-6]
You take 6 damage, and now have 13/32 hp.
Casting: Sandblast (safe; 1% risk of failure)
Confirm with . or Enter, or press ? or * to list all spells.
Aiming: Sandblast (safe; 1% risk of failure)
Press: ? - help, Shift-Dir - straight line, f - adder
Aim: an adder (72% to hit)
The blast of sand misses the adder.
The adder closely misses you. The ball python misses you.
The ball python barely misses you. The adder bites you but does no damage.
The adder misses you.
The endoplasm hits you but does no damage.
The ball python closely misses you. The ball python grabs you.
The ball python constricts you.
The adder bites you but does no damage. 😨 MP[-1]
You lost 1 mp, and now have 2/11 mp.
Casting: Sandblast (safe; 1% risk of failure)
Confirm with . or Enter, or press ? or * to list all spells.
Aiming: Sandblast (safe; 1% risk of failure)
Press: ? - help, Shift-Dir - straight line, f/p - adder
Aim: an adder (72% to hit)
The blast of sand hits the adder!
You kill the adder!
The endoplasm freezes you.
You are frozen.
* * * LOW HITPOINT WARNING * * *
The ball python bites you.
* * * LOW HITPOINT WARNING * * *
The ball python constricts you. The adder completely misses you.
The endoplasm freezes you.
You are frozen.
* * * LOW HITPOINT WARNING * * *
The ball python bites you but does no damage.
The ball python constricts you. 😱 HP[-11] MP[-1]
You take 11 damage, and now have 2/32 hp.
MASSIVE DAMAGE!! (PAUSE)
You lost 1 mp, and now have 1/11 mp.
It was a potion of mutation.
You feel extremely strange.
You feel your magical essence link to the dungeon's wands.
You feel less energetic. The adder barely misses you.
The endoplasm freezes you.
You are frozen.
* * * LOW HITPOINT WARNING * * *
The ball python closely misses you. The ball python constricts you.
The adder bites you.
You die...

Skill      XL: |  1  2  3  4  5  6 |
---------------+-------------------+-----
Earth Magic    | 4 5 6 |  6.6
Conjurations   | 1 2 3 4 |  4.0
Spellcasting   | 3 |  3.4
Dodging        | |  1.5
Stealth        | |  2.1
Transmutations | |  0.7

Action                     |  1- 3 |  4- 6 || total
---------------------------+-------+-------++-------
  Melee: Unarmed           |     8 |       ||     8
         Dagger            |    24 |    32 ||    56
         Punch             |     1 |       ||     1
   Cast: Sandblast         |    47 |    89 ||   136
    Use: Scroll            |     2 |     2 ||     4
         Potion            |       |     3 ||     3
   Stab: Sleeping          |     1 |       ||     1
 Armour: Robe              |    24 |    93 ||   117
  Dodge: Dodged            |    30 |   108 ||   138

Levels and vault maps discovered:
D:1:      kennysheep_arrival_seaside, layout_rooms, minmay_misc_feat_x,
          minmay_misc_feat_columns, minmay_box_of_dots
D:2:      layout_loops_ring, shapermc_ecumenical_altar_notcrosses
D:3:      layout_basic, grunt_qazlal_clouds, yredelemnul_forgotten_temple_becter
D:4:      layout_loops_ring, kennysheep_little_box, amcnicky_altar_gilded,
          serial_shops, nicolae_square_shop, gup_sewer_entry_bowl,
          chequers_garden
Sewer:    sewer_minmay_w

Notes
Turn   | Place    | Note
-------+----------+-------------------------------------------
     0 | D:1      | kae the Gargoyle Earth Elementalist began the quest for the
                  | Orb.
     0 | D:1      | Reached XP level 1. HP: 10/10 MP: 3/3
     0 | D:1      | magus.rc [v1.11.3]
   108 | D:1      | Reached skill level 4 in Earth Magic
   128 | D:1      | Reached XP level 2. HP: 12/15 MP: 1/5
   347 | D:1      | Reached XP level 3. HP: 19/19 MP: 3/6
   356 | D:1      | Learned a level 3 spell: Stone Arrow
   359 | D:1      | Learned a level 2 spell: Passwall
  1209 | D:2      | Found a faded altar of an unknown god.
  1629 | D:3      | Reached skill level 1 in Conjurations
  1770 | D:3      | You pick up a book of Callings and begin reading...
  1770 | D:3      | You add the spells Summon Small Mammal, Call Canine
                  | Familiar and Summon Guardian Golem to your library.
  1872 | D:3      | Found a stormy altar of Qazlal.
  1876 | D:3      | Reached XP level 4. HP: 24/24 MP: 5/7
  1925 | D:3      | Noticed a necrophage
  1931 | D:3      | Killed a necrophage
  1932 | D:3      | Reached skill level 2 in Conjurations
  1932 | D:3      | Reached skill level 5 in Earth Magic
  1932 | D:3      | Reached XP level 5. HP: 25/28 MP: 3/9
  2257 | D:3      | Found a basalt altar of Yredelemnul.
  2578 | D:4      | Found an opulent altar of Gozag.
  2736 | D:4      | Reached skill level 3 in Spellcasting
  2746 | D:4      | Found a glowing drain.
  2750 | Sewer    | Entered a sewer
  2977 | Sewer    | HP: 7/28 [river rat (1)]
  2981 | Sewer    | Reached skill level 3 in Conjurations
  2990 | Sewer    | Reached skill level 6 in Earth Magic
  2990 | Sewer    | Reached XP level 6. HP: 16/32 MP: 3/10
  3273 | Sewer    | Reached skill level 4 in Conjurations
  3274 | Sewer    | HP: 6/32 [ball python (3)]
  3274 | Sewer    | HP: 2/32 [frozen (4)]
  3275 | Sewer    | Gained mutation: You expend magic power (3 MP) to
                  | strengthen your wands. [potion of mutation]
  3275 | Sewer    | Gained mutation: Your magical capacity is low. (-10% MP)
                  | [potion of mutation]
  3275 | Sewer    | Slain by an adder

Vanquished Creatures
  2 bullfrogs (Sewer)
  A necrophage (D:3)
  6 adders
  6 river rats (Sewer)
  An ufetubus (D:4)
  2 dart slugs (D:1)
  23 ball pythons
  5 bats
  3 endoplasms
  3 giant cockroaches
  3 goblins (D:1)
  9 hobgoblins
  5 kobolds
  4 quokkas
  11 frilled lizards
  30 rats
  A spectral orc (D:3)
115 creatures vanquished.

Table legend:
 A = Non-vault XP
 B = Vault XP
 C = Vault XP percentage of total XP
 D = Non-vault monster count
 E = Vault monster count
 F = Vault count percentage of total count
                 A         B        C        D         E       F
            +---------+---------+-------+---------+---------+-------
      Total |     204 |     377 |  64.9 |      56 |      59 |  51.3
            +---------+---------+-------+---------+---------+-------
        D:1 |      43 |      10 |  18.9 |      29 |       4 |  12.1
        D:2 |       9 |       0 |   0.0 |       7 |       0 |   0.0
        D:3 |     120 |       1 |   0.8 |      12 |       1 |   7.7
        D:4 |      32 |       6 |  15.8 |       8 |       4 |  33.3
      Sewer |       0 |     360 | 100.0 |       0 |      50 | 100.0
            +---------+---------+-------+---------+---------+-------

Illustrated notes

Table legend:
 A = Kills in this place as a percentage of kills in entire the game.
 B = Kills by you in this place as a percentage of kills by you in the entire game.
 C = Kills by friends in this place as a percentage of kills by friends in the entire game.
 D = Other kills in this place as a percentage of other kills in the entire game.
 E = Experience gained in this place as a percentage of experience gained in the entire game.
 F = Experience gained in this place divided by the number of levels of this place that you have seen.
                   A       B       C       D       E      F
               +-------+-------+-------+-------+-------+----------------------
         Total | 100.0 | 100.0 |   N/A |   N/A | 100.0 | 116.2
       Dungeon |  56.5 |  56.5 |   N/A |   N/A |  38.0 |  55.2
         Sewer |  43.5 |  43.5 |   N/A |   N/A |  62.0 | 360.0
               +-------+-------+-------+-------+-------+----------------------

Table legend: (Time is in decaauts)
 A = Elapsed time spent in this place.
 B = Non-inter-level travel time spent in this place.
 C = Inter-level travel time spent in this place.
 D = Time resting spent in this place.
 E = Time spent auto-exploring this place.
 F = Levels seen in this place.
 G = Mean time per level.
                   A        B        C        D        E       F      G
               +--------+--------+--------+--------+--------+-----+--------+
         Total |   3377 |   3172 |    205 |     70 |   2435 |   5 |  675.4 |
       Dungeon |   2791 |   2586 |    205 |      0 |   2199 |   4 |  697.8 |
         Sewer |    585 |    585 |      0 |     70 |    236 |   1 |  585.0 |
               +--------+--------+--------+--------+--------+-----+--------+

Top non-repeatable levels by time:
     D:3: 1007 daAuts
     D:1: 798 daAuts
     D:2: 775 daAuts
   Sewer: 585 daAuts
     D:4: 210 daAuts
